 Dungeon Crawl Stone Soup version 0.27-a0-1332-g84bddb5ca7 (webtiles) character file.

Game seed: 2686861241250390442

5810 Brandom the Fighter (level 10, 0/77 (86) HPs)
             Began as a Demonspawn Delver on June 25, 2021.
             Was a Believer of Ashenzari.
             Slain by a centaur (2 damage)
             ... on level 8 of the Dungeon.
             The game lasted 00:36:15 (10246 turns).

Brandom the Fighter (Demonspawn Delver)            Turns: 10246, Time: 00:36:15

HP:   0/77 (86)     AC: 13    Str: 15    XL:     10   Next: 50%
MP:   10/10         EV:  9    Int: 12    God:    Ashenzari [**....]
Gold: 363           SH:  0    Dex: 15    Spells: 9/9 levels left

rFire    . . .     SeeInvis +   a - +0 falchion "Irritation of Ashenzari" {Self, Range} (curse)
rCold    . . .     Faith    .   (no shield)
rNeg     . . .     Spirit   .   g - +0 chain mail "Bound Jealousy" {Cun, Bglg} (curse)
rPois    .         Reflect  .   J - +0 helmet of the Ruined Abstinence {Range, Melee} (curse)
rElec    .         Harm     .   (no cloak)
rCorr    .         Rampage  .   (no gloves)
Will     .....                  D - +1 pair of boots of Ashenzari's Sun {Bglg, Range} (curse)
Stlth    ..........             (no amulet)
HPRegen  0.22/turn              (no ring)
MPRegen  0.12/turn              (no ring)

@: heavily drained
A: hooves 1, foul stench 2, spiny 2
a: Renounce Religion, Shatter the Chains


You were on level 8 of the Dungeon.
You worshipped Ashenzari.
Ashenzari was pleased with you.
You visited 2 branches of the dungeon, and saw 9 of its levels.

You collected 363 gold pieces.

Inventory:

Hand Weapons
 a - the cursed +0 falchion "Irritation of Ashenzari" (weapon) {Self, Range}

   It has a curse which improves the following skills: Introspection: Fighting
   and Spellcasting.
   Ranged Combat: Slings, Bows, Crossbows and Throwing.
Missiles
 q - 25 poisoned darts (quivered)
 x - 4 boomerangs
 y - 3 throwing nets {!f}
Armour
 b - a +0 leather armour
 g - the cursed +0 chain mail "Bound Jealousy" (worn) {Cun, Bglg}
   (You found it on level 5 of the Dungeon)

   It has a curse which improves the following skills: Cunning: Dodging and
   Stealth.
   Beguiling: Conjurations, Hexes and Translocations.
 D - the cursed +1 pair of boots of Ashenzari's Sun (worn) {Bglg, Range}
   (You found it on level 5 of the Dungeon)

   It has a curse which improves the following skills: Beguiling: Conjurations,
   Hexes and Translocations.
   Ranged Combat: Slings, Bows, Crossbows and Throwing.
 H - +0 steam dragon scales
   (You took it off Maggie on level 6 of the Dungeon)
 J - the cursed +0 helmet of the Ruined Abstinence (worn) {Range, Melee}
   (You found it on level 6 of the Dungeon)

   It has a curse which improves the following skills: Ranged Combat: Slings,
   Bows, Crossbows and Throwing.
   Melee Combat: Short Blades, Long Blades, Axes, Maces & Flails, Polearms,
   Staves and Unarmed Combat.
Jewellery
 C - a +6 ring of dexterity
   (You found it on level 4 of the Dungeon)
Wands
 d - a wand of iceblast (12)
   (You found it on level 4 of the Dungeon)
 v - a wand of digging (3)
Scrolls
 c - a scroll of fog
 i - a scroll of blinking
 j - a scroll of magic mapping
 k - 3 scrolls of identify {@r1}
 n - 2 scrolls of immolation {!r}
 o - a scroll of torment {!r}
 r - a scroll of silence
 t - a scroll of teleportation {@r4}
 u - 2 scrolls of fear
 w - a scroll of enchant armour
 A - 4 scrolls of amnesia
 B - 2 scrolls of enchant weapon
 E - a scroll of vulnerability {!r}
Potions
 e - 2 potions of degeneration {!q}
 f - a potion of haste {@q3}
 h - 2 potions of heal wounds {@q2}
 l - a potion of resistance
 m - 3 potions of brilliance
 p - a potion of mutation {!q}
 s - 4 potions of flight
 z - 2 potions of curing {@q1}
 F - 2 potions of berserk rage
 G - 3 potions of lignification {!q}
 I - a potion of ambrosia


   Skills:
 * Level 9.3(10.7) Fighting
 * Level 8.2(9.7) Long Blades
 + Level 4.2(7.1) Throwing
 + Level 5.4 Armour
 + Level 5.8(7.3) Dodging
 - Level 4.5(5.9) Stealth


You had 9 spell levels left.
You didn't know any spells.
Your spell library contained the following spells:

 Spells                   Type           Power      Damage    Failure   Level
 Beastly Appendage        Tmut           0%         N/A       99%         1
 Shock                    Conj/Air       0%         1d3       99%         1
 Summon Small Mammal      Summ           0%         N/A       99%         1
 Call Imp                 Summ           0%         N/A       100%        2
 Static Discharge         Conj/Air       0%         N/A       100%        2
 Wereblood                Tmut           0%         N/A       100%        2
 Call Canine Familiar     Summ           0%         N/A       100%        3
 Spider Form              Tmut/Pois      0%         N/A       100%        3
 Summon Guardian Golem    Hex/Summ       0%         N/A       100%        3
 Swiftness                Air            0%         N/A       100%        3
 Airstrike                Air            0%         N/A       100%        4
 Ice Form                 Ice/Tmut       0%         N/A       100%        4
 Summon Ice Beast         Ice/Summ       0%         N/A       100%        4
 Summon Lightning Spire   Summ/Air       0%         N/A       100%        4
 Lightning Bolt           Conj/Air       0%         1d11      100%        5


Dungeon Overview and Level Annotations

Branches:
Dungeon (8/15)             Temple (1/1) D:4
   Lair: D:8-11

Altars:
Ashenzari
Cheibriados
Dithmenos
Elyvilon
Fedhas
Gozag
Hepliaklqana
Kikubaaqudgha
Nemelex Xobeh
Okawaru
Qazlal
Ru
Sif Muna
Uskayaw
Vehumet
Xom
Yredelemnul
Zin

Shops:
D:4 [

Portals:
Ossuary: D:8

Annotations:
D:3 1 runed translucent door, Brandom's ghost, amateur DsDe


Innate Abilities, Weirdness & Mutations

You have large cloven feet.
You sometimes emit foul miasma when damaged in melee.
You are mostly covered in sharp spines.


Message History

A wight comes into view. It is wielding a +3 mace.
A two-headed ogre comes into view. It is wielding two +0 giant clubs.
The two-headed ogre shouts in stereo!
You hear a shout!
Found a stone staircase leading down.
The wight barely misses you.
A centaur comes into view.
The wight barely misses you. The wight hits you with a +3 mace.
* * * LOW HITPOINT WARNING * * *
You feel drained.
* * * LOW HITPOINT WARNING * * *
You open the door.
A mummy comes into view.
Found a sand-covered staircase.
Unknown command.
The mummy closely misses you.
There is an open door here.
You barely miss the mummy. The mummy hits you!
* * * LOW HITPOINT WARNING * * *
You emit a cloud of foul miasma!
Your cursed chain mail "Bound Jealousy" prevents you from hitting the mummy.
The two-headed ogre hits you with a +0 giant club!
* * * LOW HITPOINT WARNING * * *
The two-headed ogre misses you.
The centaur hits you but does no damage.
The centaur kicks you but does no damage.
You completely miss the mummy.
The centaur hits you but does no damage.
The centaur barely misses you.
The two-headed ogre is struck by your spines.
The two-headed ogre barely misses you.
The two-headed ogre hits you but does no damage.
Unknown command.
You hit the mummy. The centaur is struck by your spines.
The centaur closely misses you.
The centaur kicks you but does no damage.
The mummy is struck by your spines. The mummy hits you.
* * * LOW HITPOINT WARNING * * *
You hit the mummy.
You hear the slow hiss of an avalanche of sand.
The centaur completely misses you.
You riposte.
You hit the centaur.
The centaur kicks you but does no damage.
The two-headed ogre is struck by your spines.
The two-headed ogre hits you with a +0 giant club!
* * * LOW HITPOINT WARNING * * *
The two-headed ogre barely misses you.
You hit the mummy but do no damage. The centaur hits you.
* * * LOW HITPOINT WARNING * * *
The centaur kicks you.
You die...

*,,,,,,,,,,,,,,,,,,,,,,,,
***,******,,*.#**********
*,* ##,,*#.#,.....,,,,
*,* ##.,**#.+,.....,,,*
*,***..##,+.#......,,,,
*,,*,,#.###.#......,,,*
**,,∆*#..##.#......,,,*
**,,###c..#........,,,*
*,,*#M@O...........,,,*
**,.###z..#.#......,,,*
**..##..##........,,,*
*#..#.###..##...8,,,*
*#..##.'.##*,,8>8,,*
##..###)# *,,,8,,,*
#...##.##*,,.,,,,*
#.#..#..##...,,,,*
#.............,***


You could see a two-headed ogre, a centaur, a mummy and a wight.

Vanquished Creatures
  Harold (D:7)
  A two-headed ogre (D:7)
  Pikel (D:5)
  Maggie (D:6)
  2 hornets (D:7)
  Eustachio (D:6)
  A steam dragon (D:7)
  Edmund (D:6)
  2 water moccasins (D:7)
  Menkaure (D:7)
  Duvessa (D:5)
  3 ice beasts
  2 sky beasts
  A necrophage (D:4)
  An ogre (D:5)
  2 centaurs
  3 phantoms
  3 bullfrogs
  2 gnoll sergeants
  2 scorpions
  Dowan (D:5)
  A water moccasin zombie (D:5)
  5 wights
  2 howler monkeys (D:7)
  3 bullfrog zombies (D:6)
  A hound (D:5)
  3 jellies
  A bullfrog skeleton (D:6)
  An orc priest (D:5)
  A centaur skeleton (D:6)
  7 iguanas
  2 orc wizards
  A hound skeleton (D:4)
  13 gnolls
  2 adders
  A white imp (D:6)
  An ufetubus (D:6)
  11 orcs
  7 endoplasms
  2 giant cockroaches (D:4)
  5 hobgoblins
  17 jackals
  A quokka (D:3)
  3 ball pythons
  4 bats
  2 frilled lizards
  7 goblins
  11 kobolds
  An orc zombie (D:8)
  4 rats
153 creatures vanquished.

Notes
Turn   | Place    | Note
-------+----------+-------------------------------------------
     0 | D:5      | Brandom the Demonspawn Delver began the quest for the Orb.
     0 | D:5      | Reached XP level 1. HP: 18/18 MP: 1/1
    29 | D:5      | Noticed an ogre
    35 | D:5      | Killed an ogre
    36 | D:5      | Reached skill level 1 in Armour
    36 | D:5      | Gained mutation: You are partially covered in sharp spines.
                  | [demonic ancestry]
    36 | D:5      | Reached XP level 2. HP: 25/25 MP: 2/2
    36 | D:5      | Gained mutation: You may rarely emit foul miasma when
                  | damaged in melee. [demonic ancestry]
    36 | D:5      | Reached XP level 3. HP: 30/30 MP: 3/3
    36 | D:5      | Gained mutation: You sometimes emit foul miasma when
                  | damaged in melee. [demonic ancestry]
    36 | D:5      | Reached XP level 4. HP: 37/37 MP: 4/4
    87 | D:5      | Noticed a scorpion
    95 | D:5      | Killed a scorpion
    96 | D:5      | Reached skill level 4 in Fighting
    96 | D:5      | Reached XP level 5. HP: 9/42 MP: 5/5
   101 | D:5      | HP: 2/42 [poisoned by a scorpion]
   685 | D:4      | Noticed a necrophage
   698 | D:4      | Killed a necrophage
   860 | D:4      | Gained mutation: You are mostly covered in sharp spines.
                  | [demonic ancestry]
   860 | D:4      | Reached XP level 6. HP: 48/49 MP: 6/6
  2495 | D:3      | Found a runed translucent door.
  2499 | D:3      | Noticed Brandom's ghost (amateur DsDe)
  2715 | D:3      | Found a hazy altar of Hepliaklqana.
  2774 | D:4      | Found a staircase to the Ecumenical Temple.
  2783 | Temple   | Entered the Ecumenical Temple
  3019 | Temple   | Became a worshipper of Ashenzari the Shackled
  3173 | D:4      | Found Gykhluywn's Antique Armour Shop.
  3379 | D:4      | Reached skill level 5 in Fighting
  3647 | D:5      | Noticed an ice beast
  3660 | D:4      | Reached XP level 7. HP: 35/56 MP: 7/7
  4194 | D:5      | Reached skill level 6 in Fighting
  4336 | D:5      | Reached skill level 5 in Long Blades
  4710 | D:5      | Noticed Dowan
  4711 | D:5      | Noticed Duvessa
  4725 | D:5      | Killed Duvessa
  4726 | D:5      | Reached XP level 8. HP: 37/64 MP: 8/8
  4732 | D:5      | Killed Dowan
  4944 | D:5      | Reached skill level 1 in Throwing
  5391 | D:5      | Found a sparkling altar of Nemelex Xobeh.
  5528 | D:6      | Noticed Pikel
  5553 | D:5      | Killed Pikel
  5554 | D:5      | Reached skill level 7 in Fighting
  5900 | D:6      | Noticed Eustachio
  5912 | D:6      | Killed Eustachio
  5913 | D:6      | Reached XP level 9. HP: 69/72 MP: 9/9
  6039 | D:6      | Noticed Maggie
  6069 | D:6      | Killed Maggie
  6073 | D:6      | Noticed Edmund
  6101 | D:6      | Killed Edmund
  6341 | D:6      | Found a shimmering altar of Xom.
  6402 | D:6      | Reached * piety under Ashenzari
  7363 | D:7      | Reached skill level 8 in Fighting
  7363 | D:7      | Reached skill level 5 in Dodging
  7517 | D:7      | Reached ** piety under Ashenzari
  7564 | D:7      | Paralysed by a hornet for 2 turns
  7814 | D:7      | Found a basalt altar of Yredelemnul.
  7828 | D:7      | Noticed Harold
  7840 | D:7      | Killed Harold
  7841 | D:7      | Reached skill level 5 in Armour
  7841 | D:7      | Gained mutation: You have large cloven feet. [demonic
                  | ancestry]
  7841 | D:7      | Reached XP level 10. HP: 41/85 MP: 10/10
  8031 | D:7      | Noticed Menkaure
  8036 | D:7      | Killed Menkaure
  8398 | D:7      | Noticed a two-headed ogre
  8504 | D:7      | Killed a two-headed ogre
  8505 | D:7      | Reached skill level 9 in Fighting
  9834 | D:7      | Found a basalt altar of Yredelemnul.
 10233 | D:8      | Noticed a two-headed ogre
 10239 | D:8      | Found a sand-covered staircase.
 10246 | D:8      | HP: 2/77 [centaur (3)]
 10246 | D:8      | Slain by a centaur

Illustrated notes

Levels and vault maps discovered:
D:1:      dpeg_arrival_lava_altar, layout_basic
D:2:      layout_rooms, serial_corexii_hall, chequers_hall_statues_wall_a,
          corexii_hall_statues_l
D:3:      layout_rooms, marbit_many_paths, gammafunk_ghost_grave
D:4:      layout_gridville, minmay_temple_entry_antechambers, serial_shops,
          shop, amcnicky_mini_corridor_feature, supply_closet_lemuel
D:5:      layout_basic, lemuel_crystal_altar, kennysheep_generic_room_8,
          uniq_duvessa
D:6:      layout_basic, nicolae_overflow_crystal_walls, uniq_pikel, uniq_maggie,
          uniq_eustachio, uniq_edmund
D:7:      minmay_recursive_quarters, layout_basic, general_overflow_altar,
          skrybe_limestone_x, uniq_harold, uniq_menkaure
D:8:      layout_basic, nzn_wu_jian_council_hall, kennysheep_mini_moat,
          grunt_temple_overflow_open, nicolae_ossuary_entry_giza, serial_rivers,
          chequers_serial_rivers_micro_b, chequers_serial_rivers_micro_c,
          chequers_serial_rivers_marsh, chequers_serial_rivers_micro_a,
          st_stairs_14, kennysheep_diamond
Temple:   eino_temple_water

Skill      XL: |  1  2  3  4  5  6  7  8  9 10 |
---------------+-------------------------------+-----
Long Blades    | 2 3 4 5 6 7 8 |  8.2
Armour         | 1 2 3 4 5 |  5.4
Dodging        | 2 3 4 5 |  5.8
Fighting       | 4 5 6 7 8 9 |  9.3
Throwing       | 2 3 4 |  4.2
Stealth        | |  4.5

Action                   |  1- 3 |  4- 6 |  7- 9 | 10-12 || total
-------------------------+-------+-------+-------+-------++-------
Melee: Falchion          |     4 |   120 |   172 |    98 ||   394
Throw: Dart              |       |    14 |    74 |    29 ||   117
       Throwing net      |       |       |     4 |     2 ||     6
Invok: Curse Item        |       |       |     3 |     1 ||     4
Evoke: Wand              |       |       |     4 |     1 ||     5
  Use: Scroll            |       |       |       |     1 ||     1
 Stab: Sleeping          |     1 |       |       |       ||     1
       Held in net/web   |       |       |     2 |       ||     2
Armor: Chain mail        |       |    66 |    94 |    58 ||   218
Dodge: Dodged            |     3 |    37 |    78 |    40 ||   158
       Rpst.: Falchion   |     2 |     9 |    10 |    12 ||    33

Table legend: (Time is in decaauts)
 A = Elapsed time spent in this place.
 B = Non-inter-level travel time spent in this place.
 C = Inter-level travel time spent in this place.
 D = Time resting spent in this place.
 E = Time spent auto-exploring this place.
 F = Levels seen in this place.
 G = Mean time per level.
                   A        B        C        D        E       F      G
               +--------+--------+--------+--------+--------+-----+--------+
         Total |  10241 |  10062 |    179 |   1670 |   6963 |   9 | 1137.9 |
       Dungeon |   9990 |   9857 |    133 |   1670 |   6760 |   8 | 1248.8 |
        Temple |    250 |    204 |     46 |      0 |    203 |   1 |  250.0 |
               +--------+--------+--------+--------+--------+-----+--------+

Top non-repeatable levels by time:
     D:7: 2838 daAuts
     D:5: 2442 daAuts
     D:4: 1673 daAuts
     D:6: 1280 daAuts
     D:1: 887 daAuts
     D:2: 443 daAuts
     D:3: 374 daAuts
  Temple: 250 daAuts
     D:8: 50 daAuts
